 Dungeon Crawl Stone Soup version 0.18.1-48-g4cf74bf (webtiles) character file.

617 theElss the Skirmisher (level 7, -4/44 HPs)
             Began as a Gargoyle Berserker on July 2, 2016.
             Was a Priest of Trog.
             Slain by an ogre
             ... wielding a +0 giant spiked club
              (6 damage)
             ... on level 4 of the Dungeon.
             The game lasted 00:11:39 (3588 turns).

theElss the Skirmisher (Gargoyle Berserker)         Turns: 3588, Time: 00:11:41

Health: -4/44      AC: 16    Str: 21    XL:     7   Next: 45%
Magic:  7/7        EV:  9    Int:  8    God:    Trog [***...]
Gold:   189        SH:  0    Dex: 10    Spells: 0 memorised, 6 levels left

rFire  . . .     SeeInvis .     w - +0 flail
rCold  . . .     Gourm    .     u - +0 chain mail
rNeg   + . .     Faith    .     (no shield)
rPois  ∞         Spirit   .     d - +0 helmet
rElec  +         Dismiss  .     m - +0 cloak
rCorr  .         Reflect  .     (no gloves)
SustAt .         Harm     .     (no boots)
MR     .....                    (no amulet)
Stlth  ..........               (no ring)
                                (no ring)

@: exhausted, slowed, very slow, not resistant to hostile enchantments,
extremely unstealthy
A: negative energy resistance 1, electricity resistance, unbreathing,
petrification resistance, rot immunity, AC +4
a: Berserk, Trog's Hand, Burn Spellbooks, Renounce Religion


You were on level 4 of the Dungeon.
You worshipped Trog.
Trog was most pleased with you.
You were hungry.

You visited 1 branch of the dungeon, and saw 4 of its levels.

You collected 189 gold pieces.

Inventory:

Hand Weapons
 a - a +0 mace
 w - a +0 flail (weapon)
Armour
 d - a +0 helmet (worn)
 m - a +0 cloak (worn)
 u - a +0 chain mail (worn)
Jewellery
 h - an uncursed amulet of dismissal {unknown}
 y - an uncursed ring of ice {unknown}
 A - an uncursed ring of see invisible {unknown}
Wands
 q - a wand of paralysis (10/24)
 v - a wand of slowing (10/48)
Scrolls
 b - a scroll of noise {unknown}
 e - a scroll of fear {unknown}
 f - 7 scrolls of identify {unknown}
 g - a scroll of fog {unknown}
 l - 3 scrolls of teleportation {unknown}
 p - a scroll of remove curse {unknown}
 s - a scroll of random uselessness {unknown}
Potions
 i - 2 potions of flight {unknown}
 k - 2 potions of cancellation {unknown}
 r - a potion of brilliance {unknown}
 x - a potion of haste {unknown}
 z - a potion of magic {unknown}
Books
 t - a book of Flames

   Spells                             Type                      Level
   a - Flame Tongue                   Conjuration/Fire             1
   b - Throw Flame                    Conjuration/Fire             2
   c - Conjure Flame                  Conjuration/Fire             3
   d - Inner Flame                    Hexes/Fire                   3
   e - Sticky Flame                   Conjuration/Fire             4
   f - Fireball                       Conjuration/Fire             5
   Trog disapproves of the use of such an item.
Comestibles
 c - 6 bread rations
 j - 11 chunks of flesh
 n - 2 slices of pizza
 o - 9 fruits


   Skills:
 + Level 5.6 Fighting
 + Level 5.1 Maces & Flails
 + Level 3.8 Armour
 + Level 3.6 Dodging
 + Level 0.8 Stealth


You had 6 spell levels left.
You didn't know any spells.

Dungeon Overview and Level Annotations

Branches:
Dungeon (4/15)
 Temple: D:4-7

Altars:
Dithmenos
Nemelex Xobeh
Okawaru
Qazlal
Ru
Sif Muna
Vehumet
Yredelemnul


Innate Abilities, Weirdness & Mutations

You are resistant to torment.
Your stone body is resilient (AC +4).
You are immune to poison.
You resist negative energy.
You are resistant to electric shocks.
You can survive without breathing.
You are immune to petrification.
You are immune to rotting.


Message History

The ogre shouts!
Things that are here:
a giant club; a quokka corpse You hit the ogre.
The ogre is lightly wounded.
The ogre barely misses you. The ogre hits you but does no damage.
You closely miss the ogre.
The ogre is lightly wounded.
The ogre barely misses you.
You thump the ogre!
The ogre is heavily wounded.
The ogre hits you but does no damage.
You hit the ogre.
The ogre is heavily wounded.
The ogre hits you with a giant spiked club!!
* * * LOW HITPOINT WARNING * * *
You sock the ogre!
The ogre is almost dead.
The ogre hits you with a giant spiked club.
You die...

..)..# #.# ####.##### #.# #
#......# ##.## .# #..###.#
#...# #'## #....#.# #...#
#...# #.##.#.# #...### #.....
##......# ##.##.## #......
##...#.#######.#...####.......
............)...@O...)'.......
##...#.######.......###.......
##.##.# #..##.#.# #...$..
####.# #..####.# #..... #.#
#... #.# #...# ... #.### #.#
#'#. ... #.# #.# .# .. #.# #.#
. #.. ..#


You could see an ogre.

Vanquished Creatures
  A centaur (D:3)
  An ogre (D:4)
  2 howler monkeys (D:4)
  3 orc priests
  Ijyb (D:2)
  Natasha (D:2)
  2 orc wizards
  A worker ant (D:4)
  Robin (D:3)
  4 adders
  3 oozes
  An adder skeleton (D:4)
  2 worms
  A dart slug (D:2)
  A giant gecko (D:1)
  8 orcs
  A ball python (D:1)
  5 giant cockroaches
  15 goblins
  15 hobgoblins
  4 jackals (D:1)
  2 quokkas
  11 bats
  2 giant newts
  7 kobolds
  4 rats
99 creatures vanquished.

Notes
Turn   | Place    | Note
--------------------------------------------------------------
     0 | D:1      | theElss the Gargoyle Berserker began the quest for the Orb.
     0 | D:1      | Reached XP level 1. HP: 14/14 MP: 1/1
   219 | D:1      | Reached XP level 2. HP: 15/19 MP: 2/2
   654 | D:1      | Reached XP level 3. HP: 19/24 MP: 3/3
  1169 | D:1      | Reached ** piety under Trog
  1477 | D:2      | Noticed Natasha
  1492 | D:2      | Killed Natasha
  1492 | D:2      | Reached XP level 4. HP: 14/29 MP: 4/4
  1720 | D:2      | Found an iron altar of Okawaru.
  1722 | D:2      | Found a radiant altar of Vehumet.
  1722 | D:2      | Found a shadowy altar of Dithmenos.
  1722 | D:2      | Found a deep blue altar of Sif Muna.
  1741 | D:2      | Found a stormy altar of Qazlal.
  1952 | D:2      | Noticed Ijyb
  1954 | D:2      | Paralysed by Ijyb for 4 turns
  1961 | D:2      | Killed Ijyb
  2104 | D:3      | Found a sparkling altar of Nemelex Xobeh.
  2112 | D:3      | Reached XP level 5. HP: 29/34 MP: 5/5
  2476 | D:3      | Noticed a centaur
  2491 | D:3      | Killed a centaur
  2696 | D:3      | Reached XP level 6. HP: 38/39 MP: 6/6
  2765 | D:3      | Noticed Robin
  2784 | D:3      | Found a basalt altar of Yredelemnul.
  2786 | D:3      | Killed Robin
  2786 | D:3      | Reached *** piety under Trog
  3165 | D:4      | Reached skill level 5 in Fighting
  3379 | D:4      | Reached XP level 7. HP: 34/44 MP: 7/7
  3459 | D:4      | Found a sacrificial altar of Ru.
  3531 | D:4      | Reached skill level 5 in Maces & Flails
  3587 | D:4      | HP: 2/44 [ogre/giant spiked club (20)]
  3588 | D:4      | Slain by an ogre

Skill      XL: |  1  2  3  4  5  6  7 |
---------------+----------------------+-----
Fighting       | 4 5 |  5.6
Dodging        | 2 3 |  3.6
Maces & Flails | 4 5 |  5.1
Armour         | 3 |  3.8
Stealth        | |  0.8

Action                   |  1- 3 |  4- 6 |  7- 9 || total
-------------------------+-------+-------+-------++-------
Melee: Mace              |   138 |   131 |       ||   269
       Flail             |       |    53 |    57 ||   110
Invok: Berserk           |     1 |     5 |     1 ||     7
       Trog's Hand       |       |     1 |       ||     1
  Eat: Chunk             |     3 |    12 |     1 ||    16
Armor: Animal skin       |    30 |       |       ||    30
       Leather armour    |    20 |    28 |       ||    48
       Chain mail        |       |    83 |    33 ||   116
Dodge: Dodged            |    92 |   109 |    32 ||   233
